 Dungeon Crawl Stone Soup version 0.22-a0-422-g9628fc8 (webtiles) character file.

149 theanonym the Chopper (level 5, -2/42 HPs)
             Began as a Mummy Chaos Knight on May 17, 2018.
             Slain by a worldbinder (4 damage)
             ... on level 1 of the Abyss.
             The game lasted 00:04:29 (1886 turns).

theanonym the Chopper (Mummy Chaos Knight)          Turns: 1886, Time: 00:04:30

Health: -2/42      AC:  8    Str: 17    XL:     5   Next: 9%
Magic:  5/5        EV:  9    Int: 11    God:    Xom [....*.]
Gold:   151        SH:  0    Dex: 11    Spells: 4/4 levels left

rFire    x . .     SeeInvis .   a - +0 hand axe (chaos)
rCold    + . .     Gourm    .   (no shield)
rNeg     + + +     Faith    .   h - +0 scale mail
rPois    ∞         Spirit   .   g - +0 helmet
rElec    .         Reflect  .   (no cloak)
rCorr    .         Harm     .   f - +0 pair of gloves
MR       .....                  (no boots)
Stlth    ..........             (no amulet)
HPRegen  0.14/turn              (no ring)
MPRegen  0.09/turn              (no ring)

@: no status effects
A: no food or potions, fire vulnerability, cold resistance 1, negative energy
resistance 3, torment resistance, unbreathing
a: Renounce Religion


Innate Abilities, Weirdness & Mutations

You do not eat or drink.
Your flesh is vulnerable to fire.
You are immune to poison.
Your flesh is cold resistant. (rC+)
You are immune to negative energy. (rN+++)
You are immune to unholy pain and torment.
You can survive without breathing.


   Skills:
 + Level 4.1 Fighting
 * Level 4.1 Axes
 - Level 1.5 Armour
 - Level 0.7 Dodging


You had 4 spell levels left.
You didn't know any spells.
Your spell library contained the following spells:

 Spells                   Type           Power        Failure   Level  Hunger
 Confuse                  Hex            #.......     98%         3    N/A
 Tukima's Dance           Hex            #.......     98%         3    N/A
 Ensorcelled Hibernation  Hex/Ice        #.....       88%         2    N/A
 Corona                   Hex            #......      77%         1    N/A
 Dazzling Spray           Conj/Hex       #.....       98%         3    N/A

Skill      XL: |  1  2  3  4 |
---------------+-------------+-----
Axes           | 3 4 |  4.1
Fighting       | 4 |  4.1
Armour         | |  1.5
Dodging        | |  0.7

Action                   |  1- 3 |  4- 6 || total
-------------------------+-------+-------++-------
Melee: Hand axe          |   107 |    71 ||   178
  Use: Scroll            |       |     4 ||     4
 Stab: Paralysed         |     7 |       ||     7
Armor: Leather armour    |    34 |       ||    34
       Scale mail        |     8 |    60 ||    68
Dodge: Dodged            |    56 |    45 ||   101

Inventory:

Hand Weapons
 a - a +0 hand axe of chaos (weapon)
Armour
 f - a +0 pair of gloves (worn)
   (You found it on level 2 of the Dungeon)
 g - a +0 helmet (worn)
   (You found it on level 2 of the Dungeon)
 h - a +0 scale mail (worn)
   (You took it off Terence on level 2 of the Dungeon)
Scrolls
 b - a scroll of noise
 d - a scroll of enchant weapon
 n - 4 scrolls of remove curse
 r - 2 scrolls of identify


You were on level 1 of the Abyss.
You worshipped Xom.
You were a beloved toy of Xom.
You were not hungry.

You visited 1 branch of the dungeon, and saw 3 of its levels.
You visited the Abyss 1 time.

You collected 151 gold pieces.

Dungeon Overview and Level Annotations

Branches:
Dungeon (3/15)

Altars:

... .........
.... ..[......
..... ........#
..... #....?.#
..§..##......##
..............#
.........h....#
......D@......#
......xsh.....#
.......s......#
.......y......#.#
.....##......#. .
.....##......#. #
..... §.......#.
..............#
.. .x........# .


You could see a bone dragon, a worldbinder, 2 raiju, 2 tarantellas and a vampire
mosquito.

Notes
Turn   | Place    | Note
-------+----------+-------------------------------------------
     0 | D:1      | theanonym the Mummy Chaos Knight began the quest for the Orb.
     0 | D:1      | Reached XP level 1. HP: 18/18 MP: 1/1
   100 | D:1      | XOM: potion effect (haste)
   201 | D:1      | Reached XP level 2. HP: 24/24 MP: 2/2
   307 | D:1      | Reached skill level 3 in Axes
   566 | D:2      | Noticed Terence
   635 | D:2      | Reached XP level 3. HP: 27/29 MP: 3/3
   875 | D:2      | HP: 14/29 [Terence/flail (2)]
   883 | D:2      | Killed Terence
  1192 | D:2      | Reached XP level 4. HP: 37/37 MP: 4/4
  1250 | D:2      | XOM: divine lightning
  1504 | D:3      | XOM: summons 1 hostile shadow creature
  1685 | D:3      | Reached skill level 4 in Fighting
  1685 | D:3      | Reached skill level 4 in Axes
  1712 | D:3      | XOM: chaos upgrade
  1730 | D:2      | HP: 18/37 [orc wizard/puff of frost (4)]
  1730 | D:2      | XOM: smoke on damage
  1731 | D:2      | Reached XP level 5. HP: 21/42 MP: 5/5
  1732 | D:2      | XOM: medium Tloc miscast
  1732 | D:2      | Cast into level 1 of the Abyss (the capriciousness of Xom)
  1785 | Abyss:1  | Noticed a large abomination
  1794 | Abyss:1  | XOM: harmless Fire miscast
  1815 | Abyss:1  | XOM: enchant monster (good)
  1821 | Abyss:1  | Found a corrupted altar of Lugonu.
  1861 | Abyss:1  | XOM: destruction
  1864 | Abyss:1  | Noticed a large abomination
  1867 | Abyss:1  | Noticed a vampire mosquito
  1867 | Abyss:1  | a small abomination changed into a vampire mosquito
  1867 | Abyss:1  | XOM: polymorph small abomination -> vampire mosquito
  1872 | Abyss:1  | Noticed a bone dragon
  1873 | Abyss:1  | XOM: blink monster(s)
  1875 | Abyss:1  | Noticed a worldbinder
  1877 | Abyss:1  | Noticed a tarantella
  1877 | Abyss:1  | Noticed a raiju
  1877 | Abyss:1  | Noticed a jumping spider
  1877 | Abyss:1  | Noticed a tarantella
  1880 | Abyss:1  | XOM: scenery: create altars
  1881 | Abyss:1  | Noticed a small abomination
  1882 | Abyss:1  | Noticed a raiju
  1884 | Abyss:1  | HP: 9/42 [raiju/living lightning (23)]
  1885 | Abyss:1  | Noticed a tarantella
  1885 | Abyss:1  | Xom revived you
  1886 | Abyss:1  | Slain by a worldbinder

Vanquished Creatures
  2 orc wizards
  Terence (D:2)
  A worm (D:2)
  3 dart slugs
  2 leopard geckos (D:1)
  4 orcs (D:3)
  A ball python (D:1)
  4 giant cockroaches
  6 goblins
  2 hobgoblins
  6 jackals
  5 kobolds
  A quokka (D:2)
  9 bats
  5 rats
52 creatures vanquished.

Vanquished Creatures (others)
  A worker ant (shapeshifter) (D:2)
1 creature vanquished.

Grand Total: 53 creatures vanquished

Table legend:
 A = Turns spent in this place as a percentage of turns spent in the entire game.
 B = Non-inter-level travel turns spent in this place as a percentage of non-inter-level travel turns spent in the entire game.
 C = Inter-level travel turns spent in this place as a percentage of turns spent in this place.
 D = Turns resting spent in this place as a percentage of non-inter-level travel turns spent in this place.
 E = Turns spent auto-exploring this place as a percentage of non-inter-level travel turns spent in this place.
 F = Non-inter-level travel turns spent in this place divided by the number of levels of this place that you've seen.
                   A       B       C       D       E      F
               +-------+-------+-------+-------+-------+----------------------
         Total | 100.0 | 100.0 |   4.0 |  19.1 |  51.4 | 452.8
       Dungeon |  91.8 |  91.5 |   4.3 |  18.6 |  55.0 | 552.3
         Abyss |   8.2 |   8.5 |   0.0 |  24.0 |  11.7 | 154.0
               +-------+-------+-------+-------+-------+----------------------
